 Dungeon Crawl Stone Soup version 0.30.1-4-g462c640d31 (webtiles) character file.

Game seed: 8331670119583662002

23 kingsuperguy the Covert (level 2, 0/16 HPs)
             Began as a Spriggan Delver on Aug 26, 2023.
             Was an Initiate of Ashenzari.
             Succumbed to an adder's poison
             ... on level 2 of the Dungeon.
             The game lasted 00:06:59 (1532 turns).

kingsuperguy the Covert (Spriggan Delver)           Turns: 1532, Time: 00:06:59

Health: 0/16       AC:  2    Str:  8    XL:     2   Next: 72%
Magic:  3/3        EV: 17    Int: 11    God:    Ashenzari [......]
Gold:   83         SH:  0    Dex: 16    Spells: 1/1 levels left

rFire   + . .        a - +0 short sword
rCold   + . .        (no shield)
rNeg    . . .        b - +0 robe "Eternal Seeker" {Comp, Melee} (curse)
rPois   +            (helmet restricted)
rElec   +            (no cloak)
rCorr   +            (gloves unavailable)
SInv    +            (boots unavailable)
Will    .....        (no amulet)
Stlth   ++++         (no ring)
HPRegen 0.22/turn    (no ring)
MPRegen 0.08/turn

%: no passive effects
@: lethally poisoned (0 -> -1), resistant, very quick
A: very small, no large weapons, unfitting armour, see invisible, speed 3
a: Renounce Religion, Shatter the Chains


You were on level 2 of the Dungeon.
You worshipped Ashenzari.
Ashenzari was noncommittal.
You visited 1 branch of the dungeon, and saw 7 of its levels.

You collected 83 gold pieces.

Inventory:

Hand Weapons
 a - a +0 short sword (weapon)
Armour
 b - the cursed +0 robe "Eternal Seeker" (worn) {Comp, Melee}

   It has a curse which improves the following skills: Companions: Summonings
   and Necromancy.
   Melee Combat: Short Blades, Long Blades, Axes, Maces & Flails, Polearms,
   Staves and Unarmed Combat.
Wands
 g - a wand of digging (6)
Potions
 f - a potion of haste


   Skills:
 + Level 2.6 Fighting
 + Level 2.3(2.6) Short Blades
 + Level 2.9 Dodging
 + Level 8.0 Stealth


You had one spell level left.
You didn't know any spells.
Your spell library contained the following spells:

 Spells                   Type           Power      Damage    Failure   Level
 Magic Dart               Conj           0%         1d3       34%         1
 Searing Ray              Conj           0%         2d4       47%         2
 Fulminant Prism          Conj/Hex       0%         3d5       98%         4


Dungeon Overview and Level Annotations

Branches:
Dungeon (7/15)
 Temple: D:4-7

Altars:
Ashenzari

Annotations:
D:3 2 transporters, monsoonserge's ghost, amateur HOFi


Innate Abilities, Weirdness & Mutations

You are very small and have problems with some larger weapons.
You are too small for most types of armour.
You have supernaturally acute eyesight. (SInv)
You cover ground extremely quickly. (Speed+++)


Message History

You miss the adder.
The adder is lightly wounded.
You feel sick. The adder misses you.
You miss the adder.
The adder is lightly wounded.
You feel sick. The adder closely misses you. x2
You hit the adder.
The adder is moderately wounded.
You feel sick. The adder bites you.
You are more poisoned.
The adder poisons you!
The kobold shouts!
You hit the adder.
The adder is severely wounded.
You feel sick.
You hear a shout!
The adder bites you.
It was a potion of resistance.
You feel protected.
You feel sick. The adder completely misses you.
You miss the adder.
The adder is severely wounded.
You feel sick. The adder completely misses you.
You closely miss the adder.
The adder is severely wounded.
You feel sick. The adder bites you.
You miss the adder.
The adder is severely wounded.
You feel sick. The adder bites you.
* * * LOW HITPOINT WARNING * * *
The adder misses you.
As you read the scroll labelled UCZIR RELENN, it crumbles to dust.
It is a scroll of identify.
You don't currently have any unidentified items.
* * * LOW HITPOINT WARNING * * *
You feel sick. The adder closely misses you.
Okay, then.
As you read the scroll of fog, it crumbles to dust.
The scroll dissolves into smoke.
You die...

#.. #.g.....#
#...##.....#
#...?$....##
##..##.....##
#...##.###.##
#....#...#..##
#.....#.....#
#..g.......ยง###
#.......g..gS@#
#...####...K###
#... #....# #...
###### #... ###


You could see a gnoll, an adder and a kobold.

Vanquished Creatures
  A worm (D:5)
  An endoplasm (D:1)
  2 giant cockroaches (D:1)
  2 goblins (D:1)
  4 jackals (D:1)
  A quokka (D:1)
  A ball python (D:1)
  A bat (D:1)
  3 frilled lizards (D:1)
  3 kobolds (D:1)
19 creatures vanquished.

Notes
Turn   | Place    | Note
-------+----------+-------------------------------------------
     0 | D:5      | kingsuperguy the Spriggan Delver began the quest for the
                  | Orb.
     0 | D:5      | Reached XP level 1. HP: 11/11 MP: 2/2
   231 | D:5      | Noticed a sleepcap
   290 | D:5      | Noticed a scorpion
   342 | D:6      | Found a broken altar of Ashenzari.
   351 | D:6      | Became a worshipper of Ashenzari the Shackled
   373 | D:6      | Noticed a sky beast
   391 | D:7      | Noticed a sky beast
   391 | D:7      | Noticed an orc wizard
   391 | D:7      | Noticed a sky beast
   392 | D:7      | Noticed an ice beast
   406 | D:6      | Noticed a gnoll bouda
   448 | D:5      | Noticed a scorpion
   448 | D:5      | Noticed a howler monkey
   648 | D:3      | Found a transporter.
   649 | D:3      | Noticed monsoonserge's ghost (amateur HOFi)
   649 | D:3      | Noticed a sleepcap
   660 | D:3      | Found a transporter.
   805 | D:1      | Reached XP level 2. HP: 13/16 MP: 3/3
   971 | D:1      | Reached skill level 8 in Stealth
  1532 | D:2      | Succumbed to an adder's poison

Illustrated notes

Levels and vault maps discovered:
D:1:      dreamdust_arrival_sigmund_warning, layout_loops_ring
D:2:      minmay_alternating_diamond, layout_rooms, serial_shops,
          nicolae_shop_pleasant_corner_grove, minmay_pentomino_w2, uniq_terence
D:3:      layout_basic, general_overflow_altar, gammafunk_ghost_arena,
          hangedman_decor_growths, minmay_misc_feat_enclosed
D:4:      layout_layer_cave, minmay_temple_entry_oklob, uniq_grinder
D:5:      minmay_angry_zag, layout_loops_cross, kennysheep_donut,
          minmay_quadrilaterals
D:6:      layout_basic, ashenzari_altar_1
D:7:      layout_rooms

Skill      XL: |  1  2 |
---------------+-------+-----
Stealth        | 8 |  8.0
Fighting       | |  2.6
Short Blades   | |  2.3
Dodging        | |  2.9

Action                     || total
---------------------------++-------
  Melee: Short sword       ||    94
         Punch             ||     2
 Invoke: Curse Item        ||     1
  Evoke: Wand              ||     4
    Use: Scroll            ||     4
         Potion            ||     2
   Stab: Sleeping          ||     8
 Armour: Robe              ||    11
  Dodge: Dodged            ||    82
